 Dungeon Crawl Stone Soup version 0.26-a0-284-g73c0fb6129 (webtiles) character file.

Game seed: 717398201416390218

201115 Gargoyl the Envoy of Void (level 18, -10/158 HPs)
             Began as a Centaur Abyssal Knight on July 11, 2020.
             Was a High Priest of Lugonu.
             Mangled by an Ice Fiend (28 damage)
             ... in an ice cave on July 13, 2020.
             The game lasted 01:07:34 (45968 turns).

Gargoyl the Envoy of Void (Centaur Abyssal Knight) Turns: 45968, Time: 01:07:35

Health: -10/158    AC: 22    Str: 19    XL:     18   Next: 29%
Magic:  29/29      EV: 14    Int: 11    God:    Lugonu [*****.]
Gold:   2771       SH: 17    Dex: 22    Spells: 17/17 levels left

rFire    . . .     SeeInvis .   Z - +10 hand axe of Hott {vamp, +Blink +Rage}
rCold    . . .     Faith    .   R - +4 kite shield {AC+3}
rNeg     . . .     Spirit   .   G - +4 scale mail "Ebomeo Hequgg" {-Cast Regen+ Dex+9}
rPois    +         Reflect  .   K - +1 helmet of Homaps {rElec rPois MR++ Stlth-}
rElec    +         Harm     .   B - +1 cloak
rCorr    .         NoCast   +   (no gloves)
MR       ++++.                  (no barding)
Stlth    ..........             i - amulet of the acrobat
HPRegen  0.76/turn              C - ring of protection from magic
MPRegen  0.21/turn              e - +4 ring of slaying

@: very quick
A: large, hooves 3, rugged brown scales 1, blink, deformed body, speed 2, tough
skin 3
a: Blink, Depart the Abyss, Bend Space, Banish, Corrupt, Enter the Abyss,
Renounce Religion, Evoke Blink, Evoke Berserk Rage


You were in an ice cave.
You worshipped Lugonu.
Lugonu was extremely pleased with you.
You visited 5 branches of the dungeon, and saw 28 of its levels.
You visited the Abyss 4 times.
You also visited: Sewer and Ice Cave.

You collected 3231 gold pieces.
You spent 460 gold pieces at shops.

Inventory:

Hand Weapons
 A - the +9 hand axe "Ighib" {vorpal, MR+ Int+3 SInv}
   (You took it off a deep elf annihilator on level 3 of the Elven Halls)

   It inflicts extra damage upon your enemies.
   It affects your intelligence (+3).
   It affects your resistance to hostile enchantments.
   It lets you see invisible.
 I - the +8 mithril axe "Arga" {speed, MR+}
   (You took it off a deep elf death mage on level 3 of the Elven Halls)

   Attacks with this weapon are significantly faster.
   It affects your resistance to hostile enchantments.
 L - a +4 war axe of flaming
 X - a +5 hand axe of electrocution
 Z - the +10 hand axe of Hott (weapon) {vamp, +Blink +Rage}
   (You took it off a deep elf annihilator on level 3 of the Elven Halls)

   It inflicts no extra harm, but heals its wielder when it wounds a living foe.
   It lets you blink.
   It lets you go berserk.
Missiles
 s - 8 javelins (quivered)
Armour
 B - a +1 cloak (worn)
 E - the +1 helmet "Kats" {Slay+4}
   (You found it on level 15 of the Dungeon)

   It affects your accuracy and damage with ranged weapons and melee attacks
   (+4).
 G - the +4 scale mail "Ebomeo Hequgg" (worn) {-Cast Regen+ Dex+9}
   (You found it on level 5 of the Lair of Beasts)

   It affects your dexterity (+9).
   It prevents spellcasting.
   It increases your rate of regeneration.
 K - the +1 helmet of Homaps (worn) {rElec rPois MR++ Stlth-}
   (You found it on level 3 of the Elven Halls)

   It insulates you from electricity.
   It protects you from poison.
   It affects your resistance to hostile enchantments.
   It makes you less stealthy.
 R - a +4 kite shield of protection (worn)
Jewellery
 d - an uncursed ring of positive energy
 e - a +4 ring of slaying (right hand)
 g - an uncursed ring of resist corrosion
 i - an amulet of the acrobat (around neck)
 x - an uncursed ring of flight
 C - a ring of protection from magic (left hand)
 F - the ring of Qiefa {rC+ MR+}
   (You took it off a deep elf death mage on level 3 of the Elven Halls)

   [ring of protection from cold]

   It protects you from cold.
   It affects your resistance to hostile enchantments.
 H - an uncursed ring of protection from magic
 Q - the ring of the Peculiar Hells {rF+ Stlth-}
   (You took it off a deep elf blademaster on level 3 of the Elven Halls)

   [ring of attention]

   It protects you from fire.
   It makes you less stealthy.
 T - a +6 ring of dexterity
 U - a +6 ring of strength
 V - the ring "Taomyig" {rElec Dex+5 Stlth-}
   (You took it off a deep elf annihilator on level 3 of the Elven Halls)

   [ring of attention]

   It affects your dexterity (+5).
   It insulates you from electricity.
   It makes you less stealthy.
Wands
 l - a wand of clouds (8)
 q - a wand of acid (29)
Scrolls
 a - a scroll of silence
 f - 19 scrolls of teleportation
 t - 11 scrolls of remove curse
 u - 7 scrolls of blinking
 w - 4 scrolls of fog
 J - 2 scrolls of holy word
 M - 3 scrolls of magic mapping
 W - 2 scrolls of identify
Potions
 b - 6 potions of stabbing
 h - 9 potions of curing
 j - 8 potions of haste
 k - a potion of heal wounds
 m - 2 potions of cancellation
 n - 2 potions of mutation
 p - 6 potions of might
 r - 4 potions of flight
 v - 7 potions of brilliance
 z - 3 potions of lignification
 D - 3 potions of invisibility
 N - 2 potions of ambrosia
Miscellaneous
 y - a lightning rod (4/4)
 P - a phial of floods
Comestibles
 c - 67 removed foods


   Skills:
 + Level 12.0 Fighting
 + Level 14.4 Axes
 + Level 1.8 Throwing
 * Level 12.7 Armour
 + Level 7.8 Dodging
 * Level 10.9 Shields
 * Level 15.5 Invocations
 + Level 2.2 Evocations


You had 17 spell levels left.
You didn't know any spells.
Your spell library contained the following spells:

 Spells                   Type           Power        Failure   Level
 Beastly Appendage        Tmut           #.....       63%         1
 Corona                   Hex            #......      63%         1
 Shock                    Conj/Air       #...         63%         1
 Corpse Rot               Necr/Air       N/A          77%         2
 Ensorcelled Hibernation  Hex/Ice        #.....       77%         2
 Slow                     Hex            #.......     77%         2
 Swiftness                Chrm/Air       #.......     77%         2
 Confusing Touch          Hex            #.......     94%         3
 Dazzling Flash           Conj/Hex       #.....       94%         3
 Inner Flame              Hex/Fire       #.......     94%         3
 Mephitic Cloud           Conj/Pois/Air  #.......     94%         3
 Portal Projectile        Hex/Tloc       #.....       94%         3
 Static Discharge         Conj/Air       #.......     94%         3
 Tukima's Dance           Hex            #.......     94%         3
 Airstrike                Air            #.........   100%        4
 Cause Fear               Hex            #.........   100%        4
 Leda's Liquefaction      Hex/Erth       #.........   100%        4
 Lightning Bolt           Conj/Air       #.........   100%        5
 Silence                  Hex/Air        #.........   100%        5
 Freezing Cloud           Conj/Ice/Air   #.........   100%        6


Dungeon Overview and Level Annotations

Branches:
Dungeon (15/15)            Temple (0/1) D:4            Lair (6/6) D:9
 Shoals (0/4) Lair:2        Snake (2/4) Lair:2        Slime (0/5) Lair:6
    Orc (2/2) D:12            Elf (3/3) Orc:2        Vaults (0/5) D:14
 Depths (0/5) D:15          Sewer (visited)           IceCv (1/1)

Altars:
Ashenzari
Cheibriados
Elyvilon
Gozag
Kikubaaqudgha
Qazlal
Ru
Sif Muna
Trog
Vehumet
Wu Jian
Xom
Yredelemnul
The Shining One
Jiyva

Shops:
D:11 x   D:12 [(   D:15 *   Orc:2 ::*(   Elf:2 *   Elf:3 :   Snake:1 :

Annotations:
Lair:6 1 runed translucent door IceCv exclusion: ice statue


Innate Abilities, Weirdness & Mutations

You have hooves in place of feet.
Armour fits poorly on your strangely shaped body.
You cover ground very quickly.
You have extremely tough skin. (AC +3)
You are partially covered in rugged brown scales. (AC +1, +3% HP)
You can translocate small distances at will.


Message History

The Ice Fiend barely misses you.
The Ice Fiend claws you but does no damage.
Unknown command.
You slash the Ice Fiend!
You kick the Ice Fiend, but do no damage.
The Ice Fiend is lightly wounded.
The Ice Fiend gestures at you. The bolt of cold hits you!!
Unknown command.
You hit the Ice Fiend but do no damage. You kick the Ice Fiend.
The Ice Fiend is lightly wounded.
Unknown command.
You slash the Ice Fiend! Your kick misses the Ice Fiend.
The Ice Fiend is moderately wounded.
The Ice Fiend claws you! The Ice Fiend freezes you!!!
* * * LOW HITPOINT WARNING * * *
The Ice Fiend claws you!!
* * * LOW HITPOINT WARNING * * *
The Ice Fiend freezes you!!
You die...

#############
#.'.......'.#
#.#########.##
##.#.#.#.#.#...
######8.#'#'#'#'###.
#.1@....#.......'.#.
#.#####.#.8.8.8.####
#°# #.#...........
#8○☼☼⌠?#.'...........
##○#1))#.#...........
#.#####.#.8.8.8.####
#.......#.......'.#.
######8.#'#'#'#'###.
##.#.#.#.#.#...


You could see an Ice Fiend.

Vanquished Creatures
  2 deep elf blademasters
  2 deep elf master archers (Elf:3)
  Kirke (Lair:5)
  A sphinx (Elf:2)
  6 deep elf sorcerers
  A frost giant (D:15)
  4 deep elf elementalists
  A very ugly thing (Abyss:1)
  6 deep elf demonologists (Elf:3)
  A dire elephant (Lair:5)
  Snorg (D:13)
  9 deep elf annihilators (Elf:3)
  An ettin (Orc:2)
  3 deep elf death magi (Elf:3)
  Erolcha (Orc:1)
  7 deep elf high priests
  A fire dragon (Elf:2)
  7 naga warriors
  3 hydras
  Fannar (Lair:1)
  2 anacondas (Snake:2)
  Erica (Lair:1)
  A merfolk avatar (Lair:6)
  A catoblepas (D:13)
  4 two-headed ogres
  4 centaur warriors
  29 dancing weapons
  9 death yaks
  3 tengu warriors
  6 orc high priests
  Urug (Lair:5)
  6 naga sharpshooters
  Sonja (D:13)
  2 shock serpents (Snake:2)
  13 deep elf knights
  2 small abominations
  A fire crab (Lair:4)
  4 skeletal warriors (D:13)
  A salamander mystic (Snake:2)
  2 sea snakes (Lair:6)
  Joseph (D:8)
  7 deep elf archers
  A naga ritualist (Snake:1)
  An unseen horror (D:11)
  A lindwurm (shapeshifter) (Elf:3)
  2 orc knights
  A lindwurm (Lair:5)
  47 deep elf magi
  2 harpies
  5 cyclopes
  6 manticores
  7 ugly things
  4 mana vipers
  3 orc sorcerers
  2 salamanders (Snake:1)
  4 elephants (Lair:6)
  3 merfolk sirens (Lair:2)
  Maurice (D:7)
  2 ice statues (IceCv)
  6 centaur zombies
  10 trolls
  2 guardian serpents (Snake:1)
  12 black mambas
  6 naga magi
  12 cane toads
  5 centaur skeletons
  Maggie (Lair:2)
  A yaktaur (D:15)
  16 rime drakes
  5 komodo dragons
  A hellwing (D:12)
  11 ice devils (IceCv)
  2 tengu conjurers (D:15)
  2 kobold demonologists (D:13)
  2 anaconda simulacra (IceCv)
  4 polar bears (Lair:6)
  9 wolves
  4 hornets
  A merfolk (Lair:2)
  A hippogriff (shapeshifter) (Elf:3)
  10 blink frogs
  A dream sheep (Lair:4)
  12 slime creatures
  8 hippogriffs
  2 dire elephant simulacra (IceCv)
  3 vampires
  An air elemental (Elf:2)
  2 shadows
  8 wyverns
  2 large abominations
  A wraith (D:15)
  A water elemental (Elf:1)
  16 yaks
  4 hogs (Lair:5)
  7 vampire mosquitoes
  5 fire elementals
  3 basilisks
  Eustachio (D:6)
  10 steam dragons
  5 wargs
  16 nagas
  A soldier ant (D:14)
  A hydra simulacrum (IceCv)
  An iron troll simulacrum (IceCv)
  3 harpy simulacra (IceCv)
  An acid dragon (D:15)
  19 water moccasins
  2 hell hounds (Elf:2)
  7 porcupines
  A porcupine (shapeshifter) (D:14)
  31 orc warriors
  An ettin simulacrum (IceCv)
  4 ice beasts
  6 sky beasts
  6 black bears
  2 eyes of draining
  2 necrophages
  3 phantoms
  11 ogres
  8 centaurs
  10 crocodiles
  8 big kobolds
  21 bullfrogs
  An earth elemental (Elf:2)
  A wyvern zombie (D:13)
  A water moccasin zombie (D:9)
  A wyvern skeleton (D:11)
  7 scorpions
  5 wights (D:13)
  An electric eel (Lair:1)
  4 howler monkeys
  A crimson imp (D:12)
  A bullfrog zombie (D:7)
  29 orc wizards
  5 jellies
  4 bullfrog skeletons
  31 orc priests
  A quasit (D:12)
  10 hounds
  Ijyb (D:3)
  3 iguanas
  9 worker ants
  A killer bee zombie (D:5)
  A hound skeleton (D:11)
  A worker ant zombie (D:10)
  6 gnolls
  A howler monkey skeleton (D:10)
  25 adders
  8 river rats
  2 shadow imps
  4 white imps
  6 ufetubi
  An ooze (D:1)
  An adder zombie (D:7)
  6 worms
  2 dart slugs
  5 leopard geckos
  90 orcs
  5 bats
  5 giant cockroaches
  3 goblins
  2 hobgoblins
  10 jackals
  41 kobolds
  2 quokkas
  9 ball pythons
  5 frilled lizards
  A giant cockroach zombie (D:5)
  A leopard gecko zombie (D:6)
  A quokka zombie (D:5)
  34 rats
  4 crawling corpses (Elf:3)
  10 fungi
  2 plants
1043 creatures vanquished.

Vanquished Creatures (collateral kills)
  3 yaks (D:8)
  A hog (Lair:5)
  2 wolves (Lair:1)
  A gnoll sergeant (D:8)
  A jelly (D:8)
  4 gnolls (D:8)
  2 orcs (D:8)
14 creatures vanquished.

Vanquished Creatures (others)
  6 hydras
  2 oklob plants (Lair:5)
  An ugly thing (D:13)
  A black mamba (Lair:1)
  2 cane toads (Lair:1)
  A rime drake (Lair:5)
  An orc warrior (D:8)
  A hog (Lair:5)
  A human (Lair:5)
  4 orcs
  12 fungi
  16 plants
48 creatures vanquished.

Grand Total: 1105 creatures vanquished

Notes
Turn   | Place    | Note
-------+----------+-------------------------------------------
     0 | Abyss:1  | Gargoyl the Centaur Abyssal Knight began the quest for the
                  | Orb.
     0 | Abyss:1  | Reached XP level 1. HP: 19/19 MP: 2/2
    57 | Abyss:2  | Noticed a wight
    57 | Abyss:2  | Noticed a wight
    57 | Abyss:2  | Noticed a wight
    90 | Abyss:3  | Noticed a large abomination
   122 | Abyss:3  | Noticed a freezing wraith
   141 | Abyss:3  | Noticed a small abomination
   160 | Abyss:3  | Noticed a starcursed mass
   163 | D:1      | Escaped the Abyss
   770 | D:1      | Reached XP level 2. HP: 26/26 MP: 3/3
   790 | D:1      | Reached * piety under Lugonu
  1227 | D:2      | Reached skill level 1 in Dodging
  1244 | D:2      | Reached XP level 3. HP: 13/31 MP: 4/4
  1857 | D:2      | Found an opulent altar of Gozag.
  1871 | D:2      | Reached XP level 4. HP: 37/39 MP: 5/5
  2899 | D:2      | Found a stormy altar of Qazlal.
  3004 | D:2      | Reached ** piety under Lugonu
  3213 | D:3      | Reached XP level 5. HP: 44/45 MP: 6/6
  3227 | D:3      | Found a snail-covered altar of Cheibriados.
  3273 | D:3      | Found a glowing golden altar of the Shining One.
  3352 | D:3      | Noticed Ijyb
  3365 | D:3      | Killed Ijyb
  4115 | D:4      | Reached skill level 3 in Invocations
  4116 | D:4      | Reached XP level 6. HP: 38/52 MP: 8/8
  4221 | D:4      | Gained mutation: You are clumsy. (Dex -2) [potion of
                  | mutation]
  4221 | D:4      | Gained mutation: You have a pair of small horns on your
                  | head. [potion of mutation]
  4271 | D:4      | Found a glowing drain.
  4277 | Sewer    | Entered a sewer
  4540 | Sewer    | Reached *** piety under Lugonu
  5422 | Sewer    | Reached XP level 7. HP: 47/59 MP: 9/9
  6143 | D:4      | Found a staircase to the Ecumenical Temple.
  6180 | D:4      | Reached **** piety under Lugonu
  6287 | D:4      | Found a basalt altar of Yredelemnul.
  6439 | D:4      | Found a sacrificial altar of Ru.
  6691 | D:4      | Reached skill level 4 in Invocations
  6790 | D:5      | Entered Level 5 of the Dungeon
  6833 | D:5      | Reached XP level 8. HP: 28/67 MP: 11/11
  7070 | D:5      | Found a shattered altar of Ashenzari.
  8228 | D:6      | Reached skill level 5 in Axes
  8301 | D:6      | Got a shimmering chain mail
  8316 | D:6      | Identified the +3 chain mail of the Realm of Zot {Dex+3}
                  | (You found it on level 6 of the Dungeon)
  8373 | D:6      | Found a bloodstained altar of Trog.
  8390 | D:6      | Reached skill level 5 in Invocations
  8398 | D:6      | Reached skill level 5 in Fighting
  8398 | D:6      | Reached skill level 5 in Armour
  8592 | D:6      | Noticed Eustachio
  8759 | D:6      | Killed Eustachio
  8773 | D:5      | Reached XP level 9. HP: 10/74 MP: 12/12
  9409 | D:6      | Found a glowing golden altar of the Shining One.
  9815 | D:7      | Found an ornate altar of the Wu Jian Council.
  9817 | D:7      | Found a white marble altar of Elyvilon.
  9884 | D:7      | Found a shimmering altar of Xom.
 10129 | D:8      | Noticed Maurice
 10184 | D:7      | Killed Maurice
 10184 | D:7      | Reached skill level 1 in Throwing
 10224 | D:8      | Noticed Joseph
 10244 | D:8      | Killed Joseph
 10244 | D:8      | Reached skill level 6 in Invocations
 10244 | D:8      | Reached skill level 1 in Evocations
 10713 | D:8      | Reached ***** piety under Lugonu
 10837 | D:8      | Reached XP level 10. HP: 74/83 MP: 14/14
 12615 | D:9      | Found a staircase to the Lair.
 12973 | D:8      | Reached skill level 7 in Invocations
 13514 | D:9      | Found a radiant altar of Vehumet.
 13517 | D:9      | Found a shimmering blue altar of Sif Muna.
 13518 | D:9      | Found an ancient bone altar of Kikubaaqudgha.
 13523 | D:9      | Identified Sif Muna's Incunabulum of Changing
 13624 | Lair:1   | Entered Level 1 of the Lair of Beasts
 13689 | Lair:1   | Noticed Erica
 13695 | Lair:1   | Paralysed by Erica for 4 turns
 13708 | Lair:1   | Killed Erica
 13712 | Lair:1   | Noticed Fannar
 13940 | D:9      | Reached XP level 11. HP: 72/91 MP: 16/16
 14035 | Lair:1   | Killed Fannar
 14402 | Lair:1   | Reached skill level 5 in Dodging
 16024 | Lair:2   | Found a staircase to the Snake Pit.
 16461 | Lair:1   | Reached skill level 8 in Invocations
 16934 | Lair:2   | Lost mutation: You have a pair of small horns on your head.
                  | [potion of mutation]
 16934 | Lair:2   | Lost mutation: You are clumsy. (Dex -2) [potion of
                  | mutation]
 16934 | Lair:2   | Gained mutation: You can translocate small distances at
                  | will. [potion of mutation]
 16934 | Lair:2   | Gained mutation: You are partially covered in rugged brown
                  | scales. (AC +1, +3% HP) [potion of mutation]
 17381 | Lair:2   | Got an ancient scale mail
 17383 | Lair:2   | Identified the +1 scale mail of the Prince of Darkness
                  | {*Drain Int+4 Stlth+} (You found it on level 2 of the Lair
                  | of Beasts)
 17387 | Lair:2   | Upgraded the game from 0.26-a0-264-g3a471323bd to
                  | 0.26-a0-284-g73c0fb6129
 17412 | Lair:2   | Noticed a six-headed hydra
 17415 | Lair:2   | Banished a six-headed hydra
 17515 | Lair:2   | Noticed Maggie
 17517 | Lair:2   | Noticed an eight-headed hydra
 17520 | Lair:2   | Banished an eight-headed hydra
 17868 | Lair:2   | Killed Maggie
 17868 | Lair:2   | Reached skill level 9 in Invocations
 17868 | Lair:2   | Reached XP level 12. HP: 103/103 MP: 18/18
 18210 | Lair:2   | Found a staircase to the Shoals.
 19526 | Lair:4   | Found a radiant altar of Vehumet.
 20217 | Lair:4   | Noticed a death yak
 20245 | Lair:4   | Killed a death yak
 20622 | Lair:4   | Reached skill level 1 in Shields
 20731 | Lair:4   | Noticed a five-headed hydra
 20736 | Lair:4   | Banished a five-headed hydra
 20984 | Lair:4   | Noticed a six-headed hydra
 20986 | Lair:4   | Banished a six-headed hydra
 21659 | Lair:4   | Noticed a four-headed hydra
 21667 | Lair:4   | Banished a five-headed hydra
 21667 | Lair:4   | Reached skill level 10 in Invocations
 22167 | Lair:5   | Noticed Kirke
 22186 | Lair:5   | Noticed a sphinx
 22196 | Lair:5   | Killed Kirke
 22559 | Lair:5   | Reached XP level 13. HP: 99/110 MP: 20/20
 22770 | Lair:5   | Reached skill level 10 in Axes
 22818 | Lair:5   | Reached skill level 10 in Armour
 22838 | Lair:5   | Got a smoking scale mail
 22839 | Lair:5   | Identified the +4 scale mail "Ebomeo Hequgg" {-Cast Regen+
                  | Dex+9} (You found it on level 5 of the Lair of Beasts)
 23320 | Lair:4   | Reached skill level 11 in Invocations
 23398 | Lair:5   | Noticed Urug
 23511 | Lair:5   | Killed Urug
 23649 | Lair:5   | Got a brightly glowing scimitar
 23718 | Lair:4   | Identified the +2 scimitar "Ultimatum" {speed, +Blink rF+
                  | rN+} (You found it on level 5 of the Lair of Beasts)
 25071 | Lair:6   | Entered Level 6 of the Lair of Beasts
 25344 | Lair:6   | Reached skill level 12 in Invocations
 25727 | Lair:6   | Found a runed translucent door.
 25737 | Lair:6   | Found a viscous altar of Jiyva.
 25740 | Lair:6   | Noticed an acid blob
 25748 | Lair:6   | Found a staircase to the Slime Pits.
 25748 | Lair:6   | Noticed an acid blob
 25842 | Lair:6   | Reached XP level 14. HP: 108/119 MP: 23/23
 26377 | Lair:6   | Reached skill level 5 in Shields
 26694 | Lair:6   | Identified the Grimoire of the Birds and Ice
 26785 | Lair:6   | Got a glimmering long sword
 26786 | Lair:6   | Identified the +3 long sword of the Tired Queens {vamp, rN+
                  | SInv} (You found it on level 6 of the Lair of Beasts)
 27212 | D:10     | Entered Level 10 of the Dungeon
 27939 | D:11     | Found Viud's Removed Food Shoppe.
 28185 | D:11     | You fall into a shaft and drop 3 floors!
 30032 | D:12     | Found Satusos's Weapon Boutique.
 30034 | D:12     | Found a staircase to the Orcish Mines.
 30057 | D:12     | Found Gakhlyeno's Armour Boutique.
 30132 | D:12     | Bought a +2 war axe of flaming for 256 gold pieces
 30419 | D:13     | Noticed Sonja
 30444 | D:13     | Killed Sonja
 30703 | D:13     | Noticed Snorg
 30754 | D:13     | Killed Snorg
 31055 | D:14     | Found a gate to the Vaults.
 31066 | D:14     | Reached XP level 15. HP: 87/128 MP: 24/24
 31140 | D:14     | Reached ****** piety under Lugonu
 31301 | D:14     | Reached skill level 13 in Invocations
 31495 | D:14     | Found an opulent altar of Gozag.
 31649 | D:14     | Cast into level 3 of the Abyss (tengu warrior)
 31775 | Abyss:4  | Got a slimy plate armour
 31776 | D:14     | Escaped the Abyss
 31808 | D:14     | Identified the cursed +0 plate armour of Quantum Leap {+Inv
                  | rC++ MR- Regen+} (You found it on level 4 of the Abyss)
 31923 | D:15     | Entered Level 15 of the Dungeon
 31932 | D:15     | Got a scorched helmet
 31960 | D:15     | Identified the +1 helmet "Kats" {Slay+4} (You found it on
                  | level 15 of the Dungeon)
 32418 | D:15     | Found Teggunn's Elemental Accessories.
 32954 | D:15     | Found a staircase to the Depths.
 32954 | D:15     | Noticed a frost giant
 32961 | D:15     | Killed a frost giant
 33266 | Orc:1    | Entered Level 1 of the Orcish Mines
 33312 | Orc:1    | Noticed Erolcha
 33381 | Orc:1    | Killed Erolcha
 33495 | Orc:1    | You fall into a shaft and drop 1 floor!
 33495 | Orc:2    | Entered Level 2 of the Orcish Mines
 33736 | Orc:2    | Reached skill level 10 in Fighting
 34206 | Orc:2    | Found a staircase to the Elven Halls.
 34454 | Orc:2    | Found Deyduck's Book Shoppe.
 34454 | Orc:2    | Found Rumesch's Weapon Emporium.
 34454 | Orc:2    | Found Vuuhuadunn's General Store.
 34554 | Orc:2    | Found Nuleh's Book Shoppe.
 34568 | Orc:2    | Bought a potion of curing for 36 gold pieces
 35320 | Snake:1  | Entered Level 1 of the Snake Pit
 35340 | Abyss:1  | HP: 3/129 [poisoned by a naga ritualist]
 35435 | Snake:1  | Escaped the Abyss
 35450 | Lair:2   | HP: 6/129 [poisoned by a naga ritualist (toxic radiance)]
 35865 | Elf:1    | Entered Level 1 of the Elven Halls
 36210 | Elf:1    | Reached XP level 16. HP: 91/138 MP: 26/26
 36730 | Elf:1    | Got a pair of translucent gloves
 36747 | Elf:1    | Identified the cursed -4 pair of gloves of Generosity
                  | {Dex+4} (You found it on level 1 of the Elven Halls)
 37171 | Elf:2    | Found Ozup's Gadget Shoppe.
 37171 | Elf:2    | Found Fykefyn's General Store.
 37214 | Elf:1    | HP: 4/139 [fire elemental (5)]
 37390 | Elf:2    | Reached skill level 14 in Invocations
 37458 | Elf:2    | Bought a potion of heal wounds for 105 gold pieces
 37458 | Elf:2    | Bought a potion of curing for 63 gold pieces
 37560 | Elf:2    | Found a huge runed translucent gate.
 37560 | Elf:2    | Found a huge runed translucent gate.
 37560 | Elf:2    | Found a huge runed translucent gate.
 37567 | Elf:2    | Found a huge runed translucent gate.
 37580 | Elf:2    | Found a huge runed translucent gate.
 37728 | Elf:2    | Noticed a sphinx
 37925 | Elf:2    | Killed a sphinx
 38991 | Elf:2    | Noticed a deep elf blademaster
 39014 | Elf:2    | Killed a deep elf blademaster
 39735 | Elf:3    | Entered Level 3 of the Elven Halls
 39851 | Elf:3    | Got a faintly glowing chain mail
 39852 | Elf:3    | Identified the +4 chain mail of the Dice {rN+} (You found
                  | it on level 3 of the Elven Halls)
 39910 | Elf:3    | Reached XP level 17. HP: 141/148 MP: 27/27
 40854 | Elf:3    | Noticed an Ice Fiend
 40866 | Elf:3    | Identified the ring of the Peculiar Hells {rF+ Stlth-}
 40866 | Elf:3    | Noticed a deep elf blademaster
 40884 | Elf:3    | Killed a deep elf blademaster
 40977 | Elf:3    | Noticed a deep elf master archer
 41114 | Elf:3    | Killed a deep elf master archer
 41252 | Elf:3    | Reached skill level 15 in Invocations
 41584 | Elf:3    | Reached skill level 10 in Shields
 41672 | Elf:3    | Noticed a deep elf master archer
 41699 | Elf:3    | Killed a deep elf master archer
 41827 | Elf:3    | Identified the ring "Taomyig" {rElec Dex+5 Stlth-}
 42036 | Elf:3    | Found Toiq Kae's Book Shop.
 42307 | Elf:3    | Identified the +10 hand axe of Hott {vamp, +Blink +Rage}
 42648 | Elf:3    | Identified the +9 hand axe "Ighib" {vorpal, MR+ Int+3 SInv}
 42758 | Elf:3    | Identified the ring of Qiefa {rC+ MR+}
 42999 | Elf:3    | Got a faintly humming helmet
 43012 | Elf:3    | Identified the +1 helmet of Homaps {rElec rPois MR++
                  | Stlth-} (You found it on level 3 of the Elven Halls)
 43945 | Snake:1  | Reached XP level 18. HP: 156/156 MP: 29/29
 43980 | Snake:1  | Found Tuowkar's Book Boutique.
 44917 | Snake:2  | Found a frozen archway.
 44921 | IceCv    | Entered an ice cave
 45795 | IceCv    | Noticed an Ice Fiend
 45952 | IceCv    | Escaped the Abyss
 45968 | IceCv    | Mangled by an Ice Fiend

Illustrated notes

Levels and vault maps discovered:
D:1:      dpeg_arrival_arbitrary_c, layout_basic
D:2:      layout_loops_corners, old_standard_altar, overflow_temple_1_default,
          first_ration, minmay_three_crescents
D:3:      layout_loops_ring, cheibriados_altar_1, lemuel_altar_in_water,
          uniq_ijyb
D:4:      layout_gridville, lemuel_doored_altar, kennysheep_mini_moat,
          minmay_temple_entry_tees, lightli_sewer_entry_pipes
D:5:      layout_basic, evilmike_ruin_ashenzari
D:6:      layout_loops_ring, eino_small_chamber_without_monster,
          grunt_ministairs_15, kennysheep_flooded_box, trog_ov_bears_minmay,
          uniq_eustachio
D:7:      layout_loops_ring, nicolae_overflow_hidden_temple
D:8:      layout_basic, uniq_maurice, uniq_joseph
D:9:      layout_big_octagon, grunt_temple_overflow_magic_moments,
          due_lair_maze_entry_diamond
D:10:     layout_irregular_city
D:11:     layout_stronghold, serial_shops, nicolae_shop_window_shopping
D:12:     kennysheep_demon_hangout, layout_loops_ring, orc_david_3
D:13:     layout_basic, uniq_sonja, uniq_snorg
D:14:     layout_gridville, erik_vaults_1,
          nicolae_gozag_cash_rules_everything_around_me, blue_anna_alchemist
          [blue_anna_fruit_fields, blue_anna_fruit_fields]
D:15:     grunt_enter_depths_snipers, layout_long_grid, serial_bayou_pond_e,
          nicolae_elemental_shop, minmay_sticks_and_stones
Lair:1:   layout_loops_ring, serial_bayou, serial_bayou_shore_a,
          serial_bayou_pond_e, serial_bayou_pond_d, serial_bayou_shore_b,
          chequers_serial_rivers_marsh, uniq_fannar, uniq_erica
Lair:2:   layout_cave_shapes, elwin_shoals_entry_stream,
          minmay_snake_entry_six_corridors, uniq_maggie
Lair:3:   layout_roguey
Lair:4:   layout_concentric_octagons, basic_altar, minmay_shattered_shrine
Lair:5:   layout_roguey, bobbens_dragon_lair_wall, minmay_lair_oklob_chamber,
          uniq_urug, uniq_kirke
Lair:6:   gammafunk_lair_ancient_temple, layout_regular_city, slime_altar_2
Snake:1:  layout_misc_corridors, serial_shops, nicolae_shop_behind_doors,
          nrook_guardian_serpent_ordinary
Snake:2:  layout_onion_interference, portal_ice_cave_entry_pillars_three,
          nicolae_coiled_stairwell_up, uniq_vashnia
Orc:1:    layout_diamond_mine, serial_shops, uniq_erolcha
Orc:2:    st_orc_mages, layout_diamond_mine
Elf:1:    layout_onion_city, kennysheep_underground_church
Elf:2:    layout_gridlike, infiniplex_enter_wizlab_spiral, special_room
          [special_room_mythical_zoo], minmay_shoptagon
Elf:3:    minmay_elf_hall_curves, layout_loops_ring, serial_shops, shop
IceCv:    ice_cave_tombish

Skill      XL: |  1  2  3  4  5  6  7  8  9 10 11 12 13 14 15 16 17 18 |
---------------+-------------------------------------------------------+-----
Dodging        | 1 2 3 4 5 6 7 |  7.8
Axes           | 2 3 4 5 6 7 9 10 11 12 13 14 | 14.4
Armour         | 2 3 4 5 6 7 8 9 10 11 12 | 12.7
Invocations    | 3 4 5 6 7 9 10 12 13 14 15 | 15.5
Fighting       | 4 5 6 7 8 9 10 11 12 | 12.0
Throwing       | 1 |  1.8
Evocations     | 1 2 |  2.2
Shields        | 2 4 6 8 9 10 | 10.9

Action                   |  1- 3 |  4- 6 |  7- 9 | 10-12 | 13-15 | 16-18 || total
-------------------------+-------+-------+-------+-------+-------+-------++-------
Melee: Hand axe          |    68 |   294 |   334 |   759 |  1348 |   967 ||  3770
       Kick              |    11 |    49 |    77 |   225 |   615 |   434 ||  1411
       Headbutt          |       |     8 |    49 |    82 |       |       ||   139
Throw: Javelin           |       |       |    15 |     6 |       |       ||    21
Invok: Depart the Abyss  |     1 |       |       |       |     2 |     1 ||     4
       Bend Space        |       |       |       |     2 |       |       ||     2
       Banish            |       |       |       |    12 |    13 |     2 ||    27
       Enter the Abyss   |       |       |       |       |     1 |     1 ||     2
Evoke: Wand              |       |       |    17 |    19 |     1 |       ||    37
  Use: Scroll            |     1 |     8 |     8 |    12 |    15 |    11 ||    55
       Potion            |     1 |     8 |       |     6 |     9 |     3 ||    27
 Stab: Paralysed         |       |       |     5 |       |       |       ||     5
       Petrified         |       |       |       |       |     1 |       ||     1
       Distracted        |       |       |       |       |       |     1 ||     1
  Eat: Removed food      |     1 |     3 |     4 |     5 |       |       ||    13
Armor: Scale mail        |    38 |   199 |    66 |       |   445 |   190 ||   938
       Chain mail        |       |       |   133 |   418 |    10 |       ||   561
Dodge: Dodged            |    37 |   138 |   138 |   448 |   555 |   259 ||  1575
Block: Kite shield       |       |       |       |    82 |   690 |   443 ||  1215

Table legend:
 A = Non-vault XP
 B = Vault XP
 C = Vault XP percentage of total XP
 D = Non-vault monster count
 E = Vault monster count
 F = Vault count percentage of total count
                 A         B        C        D         E       F
            +---------+---------+-------+---------+---------+-------
      Total |  163285 |  152003 |  48.2 |     702 |     353 |  33.5
            +---------+---------+-------+---------+---------+-------
        D:1 |      76 |       0 |   0.0 |      17 |       0 |   0.0
        D:2 |      84 |      23 |  21.5 |      19 |       6 |  24.0
        D:3 |      77 |      36 |  31.9 |      25 |       1 |   3.8
        D:4 |     368 |     109 |  22.9 |      12 |      15 |  55.6
        D:5 |     942 |       0 |   0.0 |      24 |       0 |   0.0
        D:6 |     589 |     473 |  44.5 |      19 |       4 |  17.4
        D:7 |     408 |     472 |  53.6 |      10 |       1 |   9.1
        D:8 |    2434 |    1463 |  37.5 |      42 |      11 |  20.8
        D:9 |    1829 |     137 |   7.0 |      28 |       1 |   3.4
       D:10 |    2232 |       0 |   0.0 |      38 |       0 |   0.0
       D:11 |    2549 |       0 |   0.0 |      16 |       0 |   0.0
       D:12 |    6886 |     688 |   9.1 |      33 |       8 |  19.5
       D:13 |   11467 |    2022 |  15.0 |      35 |       2 |   5.4
       D:14 |    6248 |    1903 |  23.3 |      26 |       3 |  10.3
       D:15 |   15247 |    3444 |  18.4 |      42 |       4 |   8.7
     Lair:1 |    4216 |    3260 |  43.6 |      22 |      14 |  38.9
     Lair:2 |    3140 |    2725 |  46.5 |       6 |      12 |  66.7
     Lair:3 |    1127 |       0 |   0.0 |       4 |       0 |   0.0
     Lair:4 |    6744 |    7566 |  52.9 |      22 |      16 |  42.1
     Lair:5 |    5605 |   11533 |  67.3 |      16 |      27 |  62.8
     Lair:6 |    9696 |    9444 |  49.3 |      29 |      22 |  43.1
    Snake:1 |   16204 |     926 |   5.4 |      34 |       2 |   5.6
    Snake:2 |    9610 |    2502 |  20.7 |      17 |       3 |  15.0
      Orc:1 |    3309 |    1070 |  24.4 |      32 |       1 |   3.0
      Orc:2 |    5021 |    5738 |  53.3 |      54 |      44 |  44.9
      Elf:1 |    9574 |    3839 |  28.6 |      17 |       6 |  26.1
      Elf:2 |   15207 |   39218 |  72.1 |      30 |      45 |  60.0
      Elf:3 |   20868 |   46173 |  68.9 |      31 |      33 |  51.6
    Abyss:1 |    1528 |     205 |  11.8 |       2 |       1 |  33.3
      Sewer |       0 |     422 | 100.0 |       0 |      48 | 100.0
      IceCv |       0 |    6612 | 100.0 |       0 |      23 | 100.0
            +---------+---------+-------+---------+---------+-------
